Map: Ascension to Aiur LE

Players

Honor - Winner!

  • Race: Terran Terran
  • League: Master
  • Spawn Location: 11:00

A.I. 1 (Easy)

  • Race: Zerg Zerg
  • Spawn Location: 5:00

VOD

Have the link to the VOD?

Description

Time

  • Played on: Nov. 29, 2017, 6:41 a.m.
  • Length: 5:45
Show
View Real Time Build Order
Export as new Build Order

Honor Terran - Winner!

Build Orders:  

Get SALT Encoding   

  12  0:00  SCV  
  13  0:13  SCV  
  14  0:18  Supply Depot  
  14  0:25  SCV  
  15  0:40  SCV  
  15  0:42  Barracks  
  16  0:52  SCV  
  16  0:56  Barracks  
  17  1:09  Barracks  
  17  1:22  Barracks  
  17  1:29  Marine  
  18  1:36  Supply Depot  
  18  1:44  Marine  
  18  1:46  Marine  
  20  1:57  Marine  
  21  2:02  Marine  
  21  2:04  Marine  
  23  2:10  Supply Depot, Marine  
  23  2:15  Marine  
  25  2:20  Marine  
  25  2:22  Marine  
  27  2:28  Marine  
  28  2:32  Marine  
  29  2:38  Marine  
  29  2:40  Marine  
  31  2:45  Supply Depot  
  31  2:46  Marine  
  31  2:50  Marine  
  33  2:56  Marine  
  33  2:58  Marine  
  35  3:04  Marine  
  36  3:08  Marine  
  37  3:14  Marine  
  37  3:15  Marine  
  37  3:16  Supply Depot  
  39  3:21  Marine  
  39  3:26  Marine  
  41  3:32  Marine  
  41  3:33  Marine  
  43  3:39  Marine  
  44  3:44  Marine  
  45  3:49  Supply Depot, Marine  
  45  3:51  Marine  
  47  3:57  Marine  
  47  4:02  Marine  
  49  4:07  Marine  
  49  4:09  Marine  
  51  4:15  Marine  
  50  4:19  Marine  
  51  4:25  Marine  
  51  4:27  Marine  
  51  4:31  Supply Depot  
  53  4:33  Marine  
  53  4:37  Marine  
  55  4:43  Marine  
  55  4:45  Marine  
  56  4:50  Marine  
  56  4:55  Marine  
  57  5:01  Marine  
  57  5:02  Marine  
  59  5:08  Marine  
  59  5:13  Supply Depot, Marine  
  61  5:18  Marine  
  61  5:20  Marine  
  63  5:26  Marine  
Show
View Real Time Build Order
Export as new Build Order

A.I. 1 (Easy) Zerg 

Build Orders: Hatch First 

Get SALT Encoding   

  12  0:01  Drone  
  13  0:12  Overlord  
  13  0:16  Drone  
  14  0:30  Drone  
  14  0:34  Drone  
  16  0:49  Hatchery  
  15  0:53  Drone  
  16  1:09  Spawning Pool  
  15  1:11  Extractor  
  15  1:12  Drone  
  15  1:17  Drone  
  16  1:25  Overlord  
  16  1:56  Queen  
  16  1:57  Zergling x2  
  16  1:58  Zergling x2  
  16  1:59  Roach Warren  
  16  2:00  Extractor  
  18  2:01  Drone  
  18  2:08  Drone  
  20  2:13  Zergling x2  
  21  2:18  Zergling x2  
  22  2:23  Zergling x2  
  22  2:26  Zergling x2  
  24  2:31  Drone  
  24  2:36  Drone  
  26  2:40  Drone  
  27  2:45  Drone  
  28  2:55  Roach  
  28  2:57  Overlord  
  30  3:03  Drone  
  31  3:07  Drone  
  32  3:23  Roach  
  32  3:26  Drone  
  34  3:32  Overlord  
  34  3:36  Drone  
  34  3:40  Drone  
  36  3:44  Drone  
  37  3:48  Drone  
  37  3:52  Roach  
  37  3:53  Drone  
  41  3:57  Drone  
  41  4:01  Overlord  
  42  4:04  Drone  
  42  4:08  Drone  
  40  4:13  Drone  
  36  4:20  Lair, Roach  
  22  4:43  Drone  
  21  4:49  Zergling x2  
  19  5:06  Zergling x2  
  17  5:16  Drone  
  17  5:20  Zergling x2  
Tags
 
Add a new tag
Caveats
  • Supply blocks, unpowered buildings, or Contaminate may cause inaccurate times.
  • Supply counts are checked every 10 seconds.